 Dungeon Crawl Stone Soup version 0.29-a0-824-gd827844252 (webtiles) character file.

Game seed: 15217816768880155998

2776 bande the Chopper (level 9, 0/55 HPs)
             Began as a Gargoyle Fighter on July 10, 2022.
             Was a Priest of Okawaru.
             Slain by a gnoll sergeant
             ... wielding a +4 trident of flaming
              (2 damage)
             ... on level 7 of the Dungeon.
             The game lasted 00:11:53 (7600 turns).

bande the Chopper (Gargoyle Fighter)                Turns: 7600, Time: 00:11:55

Health: 0/55       AC: 19    Str: 20    XL:     9   Next: 70%
Magic:  12/12      EV:  7    Int:  9    God:    Okawaru [***...]
Gold:   281        SH:  6    Dex: 13    Spells: 8/8 levels left

rFire   . . .      SeeInvis .   a - +1 war axe (freeze)
rCold   + . .      Faith    .   c - +1 buckler
rNeg    + . .      Spirit   .   t - +3 chain mail {rC+}
rPois   ∞          Reflect  .   (no helmet)
rElec   +          Harm     .   (no cloak)
rCorr   .          Rampage  .   (no gloves)
Will    .....      Clarity  +   (no boots)
Stlth   ..........              (no amulet)
HPRegen 0.18/turn               (no ring)
MPRegen 0.13/turn               (no ring)

@: no status effects
A: sickness immunity, AC +6, negative energy resistance 1, electricity
resistance, torment resistance 1, petrification resistance, talons 1, clarity
a: Renounce Religion, Heroism


You were on level 7 of the Dungeon.
You worshipped Okawaru.
Okawaru was most pleased with you.
You visited 1 branch of the dungeon, and saw 7 of its levels.

You collected 281 gold pieces.

Inventory:

Hand Weapons
 a - a +1 war axe of freezing (weapon)
 s - a +1 mace of protection
 u - a +0 war axe
Missiles
 l - a throwing net (quivered)
Armour
 c - a +1 buckler (worn)
 t - a +3 chain mail of cold resistance (worn)
Wands
 o - a wand of iceblast (11)
 v - a wand of polymorph (6)
Scrolls
 e - 2 scrolls of enchant armour
 f - a scroll of brand weapon
 m - a scroll of fear
 q - a scroll of teleportation
Potions
 b - 5 potions of mutation
 d - a potion of might
 g - a potion of magic {unknown}
 h - 3 potions of brilliance
 i - a potion of lignification {unknown}
 j - 3 potions of invisibility
 k - a potion of flight {unknown}
 n - 4 potions of heal wounds
 p - 4 potions of curing {unknown}
 r - a potion of resistance {unknown}


   Skills:
 + Level 5.6 Fighting
 + Level 7.6 Axes
 + Level 6.4 Armour
 - Level 0.4 Dodging
 + Level 5.4 Shields
 + Level 1.2 Unarmed Combat
 * Level 5.2 Invocations
 * Level 3.3 Evocations


You had 8 spell levels left.
You didn't know any spells.
Your spell library contained the following spells:

 Spells                   Type           Power      Damage    Failure   Level
 Necrotise                Necr           0%         1d4       99%         1
 Slow                     Hex            0%         N/A       99%         1
 Confusing Touch          Hex            0%         N/A       100%        3
 Gell's Gravitas          Tloc           0%         N/A       100%        3
 Lesser Beckoning         Tloc           0%         N/A       100%        3
 Teleport Other           Tloc           0%         N/A       100%        3
 Vampiric Draining        Necr           0%         2d6       100%        3
 Agony                    Necr           0%         N/A       100%        5


Dungeon Overview and Level Annotations

Branches:
Dungeon (7/15)             Temple (0/1) D:4

Altars:
Ashenzari
Okawaru
The Shining One

Shops:
D:5 [


Innate Abilities, Weirdness & Mutations

You are immune to sickness and miasma.
Your stone body is resilient. (AC +6)
You are immune to poison.
You resist negative energy. (rN+)
You are resistant to electric shocks. (rElec)
You are resistant to unholy torment.
You are immune to petrification.
You have sharp toenails.
You possess an exceptional clarity of mind.


Message History

The gnoll sergeant hits you with a +4 trident of flaming.
The gnoll sergeant burns you.
Items here: )))) ††.
You hit the gnoll sergeant. You freeze the gnoll sergeant.
You claw the gnoll sergeant, but do no damage.
The gnoll sergeant is lightly wounded.
You barely miss the gnoll. The gnoll barely misses you.
The gnoll sergeant closely misses you.
You hit the gnoll sergeant. You freeze the gnoll sergeant.
You claw the gnoll sergeant, but do no damage.
The gnoll sergeant is moderately wounded.
You slash the gnoll! You freeze the gnoll. You block the gnoll's attack.
The gnoll sergeant barely misses you.
You hit the gnoll. You freeze the gnoll.
You kill the gnoll!
Okawaru accepts your kill.
You barely miss the gnoll sergeant.
The gnoll sergeant hits you with a +4 trident of flaming.
The gnoll sergeant burns you.
You are too injured to fight recklessly!
You are too injured to fight recklessly!
You are too injured to fight recklessly!
You are too injured to fight recklessly!
You are too injured to fight recklessly!
You are too injured to fight recklessly!
You are too injured to fight recklessly!
You are too injured to fight recklessly!
You are too injured to fight recklessly!
You are too injured to fight recklessly!
You hit the gnoll sergeant but do no damage.
You claw the gnoll sergeant, but do no damage.
The gnoll sergeant is moderately wounded.
The gnoll sergeant hits you with a +4 trident of flaming!
* * * LOW HITPOINT WARNING * * *
The gnoll sergeant burns you!
* * * LOW HITPOINT WARNING * * *
The gnoll sergeant hits you with a +4 trident of flaming.
* * * LOW HITPOINT WARNING * * *
The gnoll sergeant burns you.
You die...

#........# #........#
#.......< #.......
######.###...... #
.............. .
#..........)g# .# .#
#.#.......##@# ##.#
...#........# #.##...#
#..........# #.#..# ..
#.........# #...#
#.##.##......####..#
.........###....#..####.#
.........###..#.........#
...........##......####..
........##.###.###.#


You could see a gnoll sergeant.

Vanquished Creatures
  Grinder (D:5)
  A wyvern (D:7)
  6 yaks
  2 ice beasts (D:6)
  A sky beast (D:6)
  2 black bears
  An ogre (D:6)
  A centaur (D:7)
  2 scorpions
  2 necrophages
  4 electric eels (D:6)
  An orc priest (D:6)
  3 hounds
  A jelly (D:6)
  Terence (D:3)
  4 iguanas
  2 orc wizards (D:7)
  7 gnolls
  11 adders
  A shadow imp (D:6)
  A white imp (D:6)
  An ufetubus (D:7)
  2 worms (D:2)
  4 dart slugs
  11 orcs
  4 ball pythons
  3 bats
  6 endoplasms
  3 giant cockroaches
  10 goblins
  6 hobgoblins
  6 jackals (D:3)
  2 quokkas
  4 frilled lizards (D:1)
  5 kobolds
  8 rats
130 creatures vanquished.

Vanquished Creatures (others)
  15 plants
15 creatures vanquished.

Grand Total: 145 creatures vanquished

Notes
Turn   | Place    | Note
-------+----------+-------------------------------------------
     0 | D:1      | bande the Gargoyle Fighter began the quest for the Orb.
     0 | D:1      | Reached XP level 1. HP: 14/14 MP: 1/1
   236 | D:1      | Reached XP level 2. HP: 18/19 MP: 2/2
   614 | D:1      | Reached skill level 2 in Axes
  1080 | D:1      | Reached XP level 3. HP: 23/23 MP: 3/3
  1372 | D:1      | Found a faded altar of an unknown god.
  1848 | D:2      | Reached XP level 4. HP: 28/29 MP: 4/4
  2343 | D:3      | Reached skill level 3 in Axes
  2461 | D:3      | Found an iron altar of Okawaru.
  2462 | D:3      | Noticed Terence
  2477 | D:3      | Killed Terence
  2478 | D:3      | Reached XP level 5. HP: 12/33 MP: 5/5
  2482 | D:3      | Became a worshipper of Warmaster Okawaru
  3412 | D:3      | Reached skill level 1 in Invocations
  3800 | D:4      | Gained mutation: You have sharp toenails. [potion of
                  | mutation]
  3800 | D:4      | Gained mutation: You possess an exceptional clarity of
                  | mind. [potion of mutation]
  3852 | D:4      | Reached XP level 6. HP: 34/38 MP: 6/6
  4039 | D:4      | Found a staircase to the Ecumenical Temple.
  4199 | D:4      | Noticed an orc warrior
  4200 | D:4      | Noticed a water moccasin
  4557 | D:5      | Entered Level 5 of the Dungeon
  4557 | D:5      | Found Plog's Antique Armour Emporium.
  4599 | D:5      | Found a broken altar of Ashenzari.
  4614 | D:5      | Reached skill level 4 in Axes
  4641 | D:5      | Noticed a black bear
  4651 | D:5      | Killed a black bear
  4652 | D:5      | Reached XP level 7. HP: 39/43 MP: 8/8
  4746 | D:5      | Reached * piety under Okawaru
  4820 | D:5      | Noticed Grinder
  4827 | D:5      | Paralysed by Grinder for 3 turns
  4837 | D:5      | Killed Grinder
  4838 | D:5      | Reached skill level 5 in Axes
  4838 | D:5      | Reached skill level 5 in Armour
  5103 | D:6      | Reached XP level 8. HP: 17/48 MP: 10/10
  5351 | D:6      | Noticed a yak
  5351 | D:6      | Noticed a yak
  5351 | D:6      | Noticed a yak
  5404 | D:5      | Killed a yak
  5404 | D:5      | Reached ** piety under Okawaru
  5405 | D:5      | Reached skill level 1 in Evocations
  5591 | D:6      | Noticed a yak
  5612 | D:6      | Noticed a yak
  5622 | D:6      | Killed a yak
  5623 | D:6      | Reached skill level 6 in Axes
  5623 | D:6      | Reached skill level 5 in Shields
  5623 | D:6      | Noticed a yak
  5631 | D:6      | Killed a yak
  5635 | D:6      | Killed a yak
  5636 | D:6      | Reached skill level 5 in Fighting
  5636 | D:6      | Reached skill level 1 in Unarmed Combat
  5647 | D:6      | Killed a yak
  5647 | D:6      | Reached *** piety under Okawaru
  5648 | D:6      | Reached XP level 9. HP: 28/54 MP: 12/12
  5997 | D:6      | Reached skill level 7 in Axes
  6515 | D:6      | Found a glowing golden altar of the Shining One.
  7232 | D:7      | Reached skill level 5 in Invocations
  7600 | D:7      | HP: 2/55 [gnoll sergeant/+4 trident of flaming (3)]
  7600 | D:7      | Slain by a gnoll sergeant

Illustrated notes

Levels and vault maps discovered:
D:1:      giann_wishing_wells, layout_loops_corners,
          shapermc_ecumenical_altar_pompeii
D:2:      layout_rooms, kennysheep_generic_room_16
D:3:      layout_basic, okawaru_gym_becter, uniq_terence
D:4:      layout_cave_pools, minmay_temple_entry_slanted, serial_bayou,
          serial_bayou_ford_a, serial_bayou_shore_a, serial_bayou_pond_d,
          serial_bayou_crossing, chequers_serial_rivers_micro_c,
          lightli_corner_chamber
D:5:      layout_rooms, cheibrodos_ashenzari_chains, serial_shops,
          nicolae_shop_stone, uniq_grinder
D:6:      layout_rooms, nicolae_overflow_crystal_walls, chequers_big_river
D:7:      layout_rooms, grunt_ministairs_8, uniq_joseph

Skill      XL: |  1  2  3  4  5  6  7  8  9 |
---------------+----------------------------+-----
Axes           | 2 3 4 5 6 7 |  7.6
Armour         | 4 5 6 |  6.4
Shields        | 4 5 |  5.4
Invocations    | 1 2 3 4 5 |  5.2
Fighting       | 4 5 |  5.6
Evocations     | 2 3 |  3.3
Unarmed Combat | 1 |  1.2
Dodging        | |  0.4

Action                   |  1- 3 |  4- 6 |  7- 9 || total
-------------------------+-------+-------+-------++-------
Melee: War axe           |   138 |   145 |   168 ||   451
       Kick              |       |    14 |    55 ||    69
       Unarmed           |       |       |     5 ||     5
  Use: Scroll            |       |    11 |     5 ||    16
       Potion            |       |     1 |     1 ||     2
Armor: Scale mail        |    49 |       |       ||    49
       Chain mail        |    39 |   120 |   106 ||   265
       Skin              |       |       |     2 ||     2
Dodge: Dodged            |    76 |    60 |    55 ||   191
Block: Buckler           |    36 |    51 |    44 ||   131

Table legend: (Time is in decaauts)
 A = Elapsed time spent in this place.
 B = Non-inter-level travel time spent in this place.
 C = Inter-level travel time spent in this place.
 D = Time resting spent in this place.
 E = Time spent auto-exploring this place.
 F = Levels seen in this place.
 G = Mean time per level.
                   A        B        C        D        E       F      G
               +--------+--------+--------+--------+--------+-----+--------+
         Total |   7786 |   7619 |    167 |   1783 |   4005 |   7 | 1112.3 |
       Dungeon |   7786 |   7619 |    167 |   1783 |   4005 |   7 | 1112.3 |
               +--------+--------+--------+--------+--------+-----+--------+

Top non-repeatable levels by time:
     D:6: 2065 daAuts
     D:1: 1588 daAuts
     D:3: 1491 daAuts
     D:4: 866 daAuts
     D:2: 743 daAuts
     D:5: 643 daAuts
     D:7: 387 daAuts
